 Dungeon Crawl Stone Soup version 0.19.0 (webtiles) character file.

29236 emikaela the Fighter (level 13, 0/92 HPs)
             Began as an Octopode Ice Elementalist on Nov 1, 2016.
             Was a High Priest of Uskayaw.
             Engulfed by a cloud of flame (13 damage)
             ... on level 6 of the Lair of Beasts.
             The game lasted 01:51:19 (28758 turns).

emikaela the Fighter (Octopode Ice Elementalist)   Turns: 28758, Time: 01:51:19

Health: 0/92       AC:  1    Str: 14    XL:     13   Next: 44%
Magic:  0/22       EV: 26    Int: 28    God:    Uskayaw [*****.]
Gold:   878        SH: 12    Dex: 20    Spells: 5 memorised, 10 levels left

rFire  . . .     SeeInvis .     a - staff of cold
rCold  + . .     Gourm    .     X - +0 buckler
rNeg   . . .     Faith    .     x - +0 hat
rPois  .         Spirit   .     o - +6 amulet of reflection
rElec  .         Reflect  +     g - ring of wizardry
rCorr  +         Harm     .     S - +3 ring of intelligence
MR     .....                    C - ring of resist corrosion
Stlth  ++++++....               k - +3 ring of intelligence
                                (no ring)
                                (no ring)
                                (no ring)
                                (no ring)

@: mighty, agile, very slightly contaminated
A: almost no armour, stealthy swim, amphibious, 8 rings, constrict 8, camouflage
1, agile 1, blurry vision 1, strong 1, gelatinous body 1
a: Stomp, Line Pass, Grand Finale, Renounce Religion


You were on level 6 of the Lair of Beasts.
You worshipped Uskayaw.
Uskayaw was noncommittal.
You were very hungry.

You visited 2 branches of the dungeon, and saw 16 of its levels.
You also visited: Ice Cave.

You collected 1006 gold pieces.
You spent 128 gold pieces at shops.

Inventory:

Hand Weapons
 b - a +3 dagger of freezing
 N - the +5 morningstar of the Hierophant {venom, *Corrode +Blink rElec Int+2, unknown}
   (You found it on level 4 of the Lair of Beasts)

   It poisons the flesh of those it strikes.
   It affects your intelligence (+2).
   It insulates you from electricity.
   It lets you blink.
   It may corrode you when you take damage.
Armour
 x - a +0 hat (worn)
 X - a +0 buckler (worn)
Magical Staves
 a - an uncursed staff of cold (weapon)
Jewellery
 g - a ring of wizardry (left tentacle)
 k - a +3 ring of intelligence (on tentacle)
 o - a +6 amulet of reflection (around mantle)
 C - a ring of resist corrosion (on tentacle)
 S - a +3 ring of intelligence (right tentacle)
Wands
 d - a wand of random effects (17/48)
 i - a wand of digging (10/24)
 B - a wand of iceblast (10/15)
 J - a wand of acid (0/15)
 L - a wand of disintegration (20/24)
 P - a wand of polymorph (6/24)
 Z - a wand of paralysis (8/24)
Scrolls
 c - a scroll of magic mapping {unknown}
 e - a scroll of identify
 f - a scroll of holy word {unknown}
 l - 3 scrolls of fog
 m - a scroll of enchant armour {unknown}
 n - 2 scrolls of immolation
 q - 2 scrolls of remove curse
 r - a scroll of blinking
 u - a scroll of fear
 w - 2 scrolls of recharging
 E - a scroll of brand weapon {unknown}
 G - a scroll of vulnerability {unknown}
 H - a scroll of teleportation {unknown}
 I - a scroll of summoning {unknown}
 O - a scroll of random uselessness
 V - a scroll of noise
Potions
 h - a potion of haste
 t - 4 potions of cancellation
 v - a potion of might
 z - a potion of cure mutation
 A - a potion of heal wounds
 K - a potion of ambrosia
 M - a potion of flight
 T - a potion of berserk rage
Comestibles
 j - 2 chunks of flesh
 p - 11 fruits
 y - 2 bread rations


   Skills:
 + Level 9.9 Fighting
 + Level 9.3 Staves
 + Level 9.9 Dodging
 - Level 6.0 Stealth
 - Level 4.0 Shields
 - Level 6.0 Spellcasting
 - Level 4.0 Conjurations
 - Level 4.0 Charms
 - Level 4.0 Summonings
 - Level 8.0 Ice Magic
 - Level 6.0 Invocations
 - Level 6.0 Evocations


You had 10 spell levels left.
You knew the following spells:

 Your Spells              Type           Power        Failure   Level  Hunger
a - Freeze                Ice            ####         1%          1    None
b - Summon Ice Beast      Ice/Summ       ######..     2%          4    ###....
c - Ozocubu's Armour      Chrm/Ice       ######..     1%          3    None
d - Throw Icicle          Conj/Ice       ######..     2%          4    ###....
f - Throw Frost           Conj/Ice       ######       1%          2    None


Dungeon Overview and Level Annotations

Branches:
Dungeon (10/15)            Temple (0/1) D:6            Lair (6/6) D:10
 Shoals (0/4) Lair:2       Spider (0/4) Lair:4        Slime (0/5) Lair:6
    Orc (0/2) D:9

Altars:
Ashenzari
Cheibriados
Dithmenos
Fedhas
Gozag
Hepliaklqana
Kikubaaqudgha
Makhleb
Nemelex Xobeh
Uskayaw
Xom
Yredelemnul
Zin
The Shining One
Jiyva

Shops:
D:8 !   D:10 [

Annotations:
D:5 Grinder, Menkaure
D:8 exclusion: 2 oklob plants
D:10 Erolcha, Nergalle
Lair:6 1 runed door, Kirke


Innate Abilities, Weirdness & Mutations

You cannot wear most types of armour.
You are very stealthy in the water. (Stealth+)
You are amphibious.
You can wear up to eight rings at the same time.
You can use your tentacles to constrict eight enemies at once.
Your skin changes colour to match your surroundings (Stealth+).
Your rubbery body absorbs attacks. (AC +1, EV +1)
You are agile. (Dex +2)
Scrolls take you a little longer to read.
Your muscles are strong. (Str +2)


Message History

The fiery explosion engulfs the wyvern.
The wyvern explodes!
The fiery explosion engulfs the yak.
You kill the wyvern!
You kill the yak!
The fiery explosion engulfs you!
Your icy armour melts away.
The fiery explosion engulfs the yak.
You kill the yak!
The fiery explosion engulfs something.
You are engulfed in roaring flames.
* * * LOW HITPOINT WARNING * * *
You hear a roar!
You hear an angry squeal.
You hear a loud, deep croak!
You hear an angry squeal. x2
You can now merge with and destroy a victim.
You are engulfed in roaring flames.
* * * LOW HITPOINT WARNING * * *
You hear some strange, mumbled words.
Something tries to affect you, but you resist.
You begin reading the scroll.
You continue reading the scroll.
You are engulfed in roaring flames.
You die...

....................P##
....................†)##
.......................P
.......................H
............#P..........
#.....§§§.†......P......
#....§§§{..#.....P..#..
#.$.§§§§#....#.P......
#####@####.##..#...##.
### #####.#.##. # .. ..
.. #


There were no monsters in sight!

Vanquished Creatures
  A hydra (Lair:3)
  2 death yaks (Lair:4)
  A wolf spider (Lair:4)
  2 black mambas
  3 elephants
  A guardian serpent (Lair:6)
  8 spiny frogs
  A rime drake (Lair:4)
  8 komodo dragons
  A polar bear (IceCv)
  2 trolls
  2 hornets (Lair:6)
  5 blink frogs (Lair:5)
  2 hippogriffs (D:8)
  4 wyverns (Lair:6)
  2 wraiths (D:9)
  2 hogs (Lair:6)
  26 yaks
  4 swamp worms (Lair:2)
  A soldier ant (D:8)
  4 porcupines
  7 water moccasins
  3 orc warriors
  A black bear (Lair:4)
  A phantom (D:8)
  A sky beast (D:10)
  4 ogres
  A necrophage (D:9)
  7 ice beasts
  2 wolves (IceCv)
  11 crocodiles
  An elf zombie (D:9)
  Blork the orc (D:4)
  A wyvern zombie (D:10)
  A big kobold (D:4)
  7 bullfrogs
  3 scorpions
  6 killer bees (D:10)
  2 wights (D:8)
  2 howler monkeys
  An electric eel (D:9)
  12 crimson imps
  2 human zombies (D:9)
  A bullfrog zombie (D:7)
  2 quasits (D:10)
  7 hounds
  A jelly (D:10)
  2 bullfrog skeletons
  An orc priest (D:6)
  7 orc wizards
  2 iguanas
  A human skeleton (D:9)
  8 worker ants
  A hound skeleton (D:10)
  2 mummies (D:9)
  A worker ant zombie (D:8)
  A howler monkey skeleton (D:10)
  14 adders
  3 gnolls (D:3)
  A shadow imp (D:7)
  An ooze (D:1)
  2 adder skeletons
  7 worms
  A dart slug (D:2)
  7 leopard geckos
  21 orcs
  13 bats
  8 giant cockroaches
  9 goblins
  13 hobgoblins
  4 jackals (D:1)
  8 quokkas
  2 ball pythons
  6 frilled lizards
  11 kobolds
  3 orc zombies (D:9)
  2 quokka skeletons
  A quokka zombie (D:5)
  7 rats
340 creatures vanquished.

Vanquished Creatures (collateral kills)
  A hydra (Lair:4)
  4 death yaks
  Urug (Lair:5)
  A wolf spider (Lair:6)
  5 elephants
  A black mamba (Lair:6)
  A spiny frog (Lair:6)
  2 komodo dragons (Lair:1)
  3 polar bears (IceCv)
  A dream sheep (Lair:4)
  A hippogriff (Lair:2)
  2 wyverns (Lair:6)
  A hog (Lair:6)
  17 yaks
  3 swamp worms (Lair:2)
  2 ice beasts (Lair:3)
  A wolf (IceCv)
  A crocodile (Lair:2)
  2 bullfrogs
  2 worker ants (Lair:6)
  3 worms (Lair:2)
55 creatures vanquished.

Vanquished Creatures (others)
  A bush (Lair:6)
  24 fungi
  42 plants
67 creatures vanquished.

Grand Total: 462 creatures vanquished

Notes
Turn   | Place    | Note
-------+----------+-------------------------------------------
     0 | D:1      | emikaela the Octopode Ice Elementalist began the quest for the Orb.
     0 | D:1      | Reached XP level 1. HP: 11/11 MP: 3/3
   273 | D:1      | Reached XP level 2. HP: 15/17 MP: 1/5
   282 | D:1      | Learned a level 2 spell: Throw Frost
   684 | D:1      | Reached XP level 3. HP: 21/21 MP: 3/6
   828 | D:1      | Learned a level 3 spell: Ozocubu's Armour
  1492 | D:2      | Reached XP level 4. HP: 15/27 MP: 4/7
  1701 | D:2      | Reached skill level 1 in Charms
  1966 | D:2      | Found a snail-covered altar of Cheibriados.
  1968 | D:2      | Found a hide-covered altar of Uskayaw.
  1969 | D:2      | Found an ancient bone altar of Kikubaaqudgha.
  1971 | D:2      | Found a glowing silver altar of Zin.
  1979 | D:2      | Became a worshipper of Uskayaw the Reveler
  2056 | D:2      | Reached * piety under Uskayaw
  2460 | D:2      | Reached ** piety under Uskayaw
  2934 | D:3      | Reached skill level 1 in Fighting
  2934 | D:3      | Reached XP level 5. HP: 33/33 MP: 8/8
  3673 | D:4      | Reached XP level 6. HP: 23/39 MP: 0/10
  3679 | D:4      | Learned a level 4 spell: Throw Icicle
  4036 | D:4      | Noticed Blork the orc
  4052 | D:4      | Killed Blork the orc
  4052 | D:4      | Reached skill level 5 in Ice Magic
  4180 | D:4      | Found a shimmering altar of Xom.
  4605 | D:4      | Reached XP level 7. HP: 41/45 MP: 1/11
  4780 | D:4      | Reached skill level 1 in Invocations
  5431 | D:5      | Entered Level 5 of the Dungeon
  5431 | D:5      | Noticed Grinder
  5754 | D:5      | Noticed Menkaure
  5982 | D:6      | Reached *** piety under Uskayaw
  6220 | D:6      | Found a staircase to the Ecumenical Temple.
  6335 | D:6      | Reached XP level 8. HP: 29/54 MP: 0/12
  6523 | D:6      | Found a sparkling altar of Nemelex Xobeh.
  7763 | D:6      | Learned a level 4 spell: Summon Ice Beast
  9340 | D:8      | Reached skill level 1 in Summonings
  9340 | D:8      | Reached XP level 9. HP: 40/60 MP: 2/15
  9555 | D:8      | Reached skill level 5 in Fighting
  9751 | D:8      | Found a hazy altar of Hepliaklqana.
  9751 | D:8      | Found a faded altar of an unknown god.
  9757 | D:8      | Found an opulent altar of Gozag.
  9759 | D:8      | Found a faded altar of an unknown god.
  9761 | D:8      | Found a burning altar of Makhleb.
  9973 | D:8      | Found a blossoming altar of Fedhas.
 10050 | D:8      | Found Majiv's Distillery.
 10053 | D:8      | Bought a potion of flight for 48 gold pieces
 10053 | D:8      | Bought a potion of heal wounds for 80 gold pieces
 10053 | D:8      | Gained mutation: Scrolls take you a little longer to read. [potion of mutation]
 10053 | D:8      | Gained mutation: You are agile. (Dex +2) [potion of mutation]
 10053 | D:8      | Gained mutation: Your muscles are strong. (Str +2) [potion of mutation]
 10344 | D:8      | Found a glowing golden altar of the Shining One.
 10490 | D:8      | Reached skill level 5 in Dodging
 10777 | D:8      | Found a shadowy altar of Dithmenos.
 10964 | D:8      | Found a blossoming altar of Fedhas.
 10966 | D:8      | Noticed an oklob plant
 10966 | D:8      | Noticed an oklob plant
 11157 | D:8      | Reached skill level 5 in Invocations
 12251 | D:9      | Reached skill level 5 in Stealth
 12435 | D:9      | Reached XP level 10. HP: 51/68 MP: 2/16
 13328 | D:9      | Found a staircase to the Orcish Mines.
 13604 | D:9      | Found a shattered altar of Ashenzari.
 13697 | D:9      | Reached skill level 1 in Staves
 13861 | D:9      | Found a basalt altar of Yredelemnul.
 14183 | D:10     | Entered Level 10 of the Dungeon
 14200 | D:10     | Reached **** piety under Uskayaw
 14889 | D:10     | Found Wovvufe's Armour Shoppe.
 15010 | D:10     | Noticed Nergalle
 15263 | D:10     | Noticed Erolcha
 15501 | D:10     | Reached ***** piety under Uskayaw
 15971 | D:10     | Found a staircase to the Lair.
 15981 | Lair:1   | Entered Level 1 of the Lair of Beasts
 15985 | Lair:1   | Reached skill level 5 in Spellcasting
 16682 | Lair:1   | Reached skill level 5 in Staves
 16825 | Lair:1   | Reached XP level 11. HP: 72/72 MP: 5/18
 16831 | Lair:1   | Reached skill level 1 in Evocations
 18042 | Lair:2   | Reached skill level 1 in Shields
 19057 | Lair:2   | Found a staircase to the Shoals.
 20115 | Lair:2   | Reached skill level 5 in Evocations
 20620 | Lair:3   | Noticed a seven-headed hydra
 20628 | Lair:3   | Killed a seven-headed hydra
 20825 | Lair:3   | Found a frozen archway.
 20950 | IceCv    | Entered an ice cave
 21185 | IceCv    | Reached XP level 12. HP: 80/80 MP: 0/21
 23207 | Lair:4   | Found a hole to the Spider Nest.
 23404 | Lair:4   | Got an encrusted morningstar
 23440 | Lair:4   | Noticed a five-headed hydra
 23486 | Lair:4   | Killed a five-headed hydra
 24178 | Lair:4   | Noticed a death yak
 24185 | Lair:4   | Killed a death yak
 24250 | Lair:4   | Noticed a death yak
 24283 | Lair:4   | Noticed a death yak
 24432 | Lair:4   | Killed a death yak
 24560 | Lair:4   | Killed a death yak
 26247 | Lair:5   | Noticed Urug
 26272 | Lair:5   | Killed Urug
 26732 | Lair:5   | Noticed a death yak
 26733 | Lair:5   | Noticed a death yak
 26735 | Lair:5   | Noticed a death yak
 26736 | Lair:5   | Noticed a death yak
 26736 | Lair:5   | Noticed a death yak
 26743 | Lair:5   | Killed a death yak
 26743 | Lair:5   | Reached XP level 13. HP: 90/90 MP: 11/22
 27611 | Lair:6   | Entered Level 6 of the Lair of Beasts
 28315 | Lair:6   | Paralysed by a hornet for 2 turns
 28416 | Lair:6   | Found a runed door.
 28417 | Lair:6   | Found a viscous altar of Jiyva.
 28420 | Lair:6   | Found a staircase to the Slime Pits.
 28698 | Lair:6   | Noticed Kirke
 28758 | Lair:6   | Engulfed by a cloud of flame

Skill      XL: |  1  2  3  4  5  6  7  8  9 10 11 12 13 |
---------------+----------------------------------------+-----
Ice Magic      | 4 5 6 7 8 |  8.0
Charms         | 1 4 |  4.0
Conjurations   | 2 3 4 |  4.0
Fighting       | 1 2 3 4 6 9 |  9.9
Spellcasting   | 3 4 5 6 |  6.0
Stealth        | 3 4 5 6 |  6.0
Invocations    | 2 3 5 6 |  6.0
Dodging        | 3 4 5 6 9 |  9.9
Summonings     | 1 4 |  4.0
Staves         | 5 6 8 9 |  9.3
Evocations     | 5 6 |  6.0
Shields        | 4 |  4.0

Action                   |  1- 3 |  4- 6 |  7- 9 | 10-12 | 13-15 || total
-------------------------+-------+-------+-------+-------+-------++-------
Melee: Unarmed           |     2 |       |       |       |       ||     2
       Dagger            |    17 |    41 |    66 |       |       ||   124
       Constrict         |     4 |    11 |    22 |    20 |     8 ||    65
       Tentacles         |     3 |     8 |    24 |    87 |    15 ||   137
       Staff             |       |       |    32 |   329 |    67 ||   428
 Cast: Freeze            |    35 |    63 |    63 |    24 |       ||   185
       Throw Frost       |       |    23 |    81 |   119 |    17 ||   240
       Ozocubu's Armour  |       |     1 |     9 |    16 |     7 ||    33
       Throw Icicle      |       |       |    64 |   144 |    39 ||   247
       Summon Ice Beast  |       |       |       |    80 |    24 ||   104
Invok: Stomp             |       |       |     2 |       |     1 ||     3
Evoke: Wand              |       |       |       |     3 |     3 ||     6
       Phantom mirror    |       |       |       |       |     1 ||     1
  Use: Scroll            |       |     6 |     8 |     6 |     8 ||    28
       Potion            |       |       |     3 |     1 |     8 ||    12
 Stab: Sleeping          |     7 |    16 |     7 |       |       ||    30
       Paralysed         |       |       |       |    19 |     8 ||    27
       Distracted        |       |       |       |     4 |       ||     4
  Eat: Chunk             |     2 |     9 |    13 |    34 |     2 ||    60
       Bread ration      |       |     1 |     4 |     4 |     1 ||    10
       Fruit             |       |       |     3 |     1 |     1 ||     5
       Pizza             |       |       |     1 |     1 |       ||     2
       Beef jerky        |       |       |     1 |       |       ||     1
       Meat ration       |       |       |       |     3 |     1 ||     4
Armor: Skin              |     4 |     4 |    24 |    30 |     7 ||    69
Dodge: Dodged            |    22 |    26 |    62 |   194 |    41 ||   345
Block: Other             |       |     2 |    27 |    33 |       ||    62
       Reflection        |       |       |       |     1 |       ||     1
       Buckler           |       |       |       |    91 |    32 ||   123
